Map: Dusk Towers

Players

ROCCATHyuN (HyuN)

  • Race: Zerg Zerg

MyuNgSiK - Winner!

  • Race: Protoss Protoss
  • League: Grandmaster

Event: Gauntlet LotV Series 1 Qualifier 2

VOD

Have the link to the VOD?

Description

Time

  • Played on: Dec. 5, 2015, 3:24 p.m.
  • Length: 9:26

All games in this series

Show
View Real Time Build Order
Export as new Build Order

ROCCATHyuN Zerg 

Build Orders: 3 Hatch before Pool 

Get SALT Encoding   

  12  0:00  Drone  
  13  0:13  Overlord  
  13  0:17  Drone  
  14  0:31  Drone x2  
  14  0:35  Drone  
  17  0:53  Hatchery  
  17  0:56  Drone  
  17  0:58  Drone  
  18  1:18  Hatchery  
  17  1:29  Spawning Pool  
  16  1:33  Drone  
  16  1:36  Drone  
  16  1:38  Extractor  
  17  1:41  Drone  
  18  1:48  Drone  
  19  1:56  Drone  
  20  2:07  Drone x2  
  22  2:17  Queen x2  
  22  2:21  Zergling x2  
  27  2:29  Queen  
  27  2:32  Overlord  
  29  2:38  Metabolic Boost  
  29  2:41  Drone  
  31  2:44  Zergling x2  
  31  2:47  Drone  
  31  2:49  Drone  
  34  2:51  Drone  
  34  2:54  Drone  
  35  3:00  Drone x2  
  37  3:08  Overlord  
  37  3:10  Drone  
  37  3:11  Drone x2  
  40  3:13  Drone  
  40  3:17  Overlord  
  41  3:23  Overlord  
  41  3:24  Drone  
  41  3:25  Overlord  
  42  3:28  Drone  
  42  3:30  Drone  
  42  3:31  Drone  
  42  3:33  Drone  
  46  3:35  Drone  
  46  3:37  Drone x2  
  49  3:43  Roach Warren, Drone  
  49  3:45  Drone  
  49  3:48  Drone x2  
  52  3:50  Drone  
  52  3:52  Drone  
  54  3:56  Overlord  
  54  3:59  Drone x3  
  57  4:03  Drone x2, Extractor  
  57  4:04  Drone, Extractor  
  57  4:09  Lair  
  58  4:16  Drone x6  
  63  4:19  Extractor  
  63  4:20  Extractor  
  63  4:21  Spore Crawler  
  60  4:28  Overlord x2  
  60  4:32  Zergling x10, Extractor  
  64  4:38  Spore Crawler  
  64  4:41  Zergling x10  
  68  4:52  Roach x3  
  74  4:53  Roach x2  
  74  4:56  Drone  
  74  4:57  Drone  
  80  5:02  Evolution Chamber  
  78  5:13  Drone x3  
  78  5:14  Spire  
  78  5:15  Drone x2  
  78  5:16  Drone  
  78  5:17  Drone x2  
  80  5:37  Zerg Melee Weapons Level 1  
  80  5:39  Hatchery, Drone x3  
  80  5:42  Overlord  
  82  5:45  Drone x2  
  82  5:46  Drone  
  82  5:47  Drone  
  86  5:53  Glial Reconstitution  
  86  5:58  Overlord x3  
  86  5:59  Overseer  
  80  6:19  Drone x3  
  80  6:24  Extractor  
  82  6:28  Extractor  
  82  6:29  Mutalisk x8, Extractor  
  99  6:37  Hydralisk Den  
  96  6:40  Drone  
  96  6:41  Drone x3  
  96  6:42  Drone x3  
  96  6:44  Drone  
  99  6:55  Drone x11  
  99  6:59  Queen  
  106  7:20  Hydralisk x6  
  118  7:28  Drone  
  118  7:29  Drone x4  
  119  7:31  Spore Crawler  
  118  7:41  Overlord  
  118  7:42  Overlord  
  118  7:43  Overlord x3  
  120  7:51  Roach  
  120  8:01  Roach  
  120  8:02  Roach x11  
  143  8:09  Roach x4  
  135  8:17  Roach  
  135  8:18  Roach x4  
  141  8:22  Roach  
  141  8:23  Roach x2  
  133  8:28  Roach x3  
  133  8:29  Roach  
  106  8:41  Ravager x7  
  106  8:42  Ravager  
  106  8:43  Roach x4  
  106  8:44  Roach  
  120  8:49  Overlord  
  119  9:04  Overlord x2  
Show
View Real Time Build Order
Export as new Build Order

MyuNgSiK Protoss - Winner!

Build Orders: 1 Gate Expand 

Get SALT Encoding   

  12  0:01  Probe (Chrono Boost)  
  13  0:11  Probe (Chrono Boost)  
  14  0:18  Pylon  
  14  0:22  Probe (Chrono Boost)  
  15  0:36  Probe (Chrono Boost)  
  16  0:47  Probe (Chrono Boost), Gateway  
  16  0:49  Assimilator  
  17  0:57  Probe (Chrono Boost)  
  18  1:08  Probe (Chrono Boost)  
  19  1:19  Probe (Chrono Boost)  
  19  1:22  Nexus  
  20  1:29  Probe (Chrono Boost)  
  21  1:34  Cybernetics Core  
  22  1:40  Probe (Chrono Boost)  
  22  1:42  Assimilator  
  22  1:49  Pylon  
  22  1:52  Probe (Chrono Boost)  
  23  2:07  Probe (Chrono Boost)  
  24  2:10  Warp Gate  
  24  2:11  Adept  
  26  2:18  Probe (Chrono Boost)  
  26  2:21  Robotics Facility  
  27  2:28  Probe (Chrono Boost)  
  28  2:34  Probe (Chrono Boost)  
  29  2:38  Adept  
  29  2:39  Probe (Chrono Boost)  
  32  2:45  Probe (Chrono Boost)  
  32  2:49  Probe (Chrono Boost)  
  34  2:56  Probe (Chrono Boost)  
  35  3:00  Probe (Chrono Boost)  
  36  3:06  Probe (Chrono Boost)  
  36  3:10  Probe (Chrono Boost), Robotics Bay  
  38  3:15  Gateway  
  38  3:17  Probe (Chrono Boost)  
  39  3:21  Probe (Chrono Boost)  
  39  3:26  Pylon  
  40  3:27  Probe (Chrono Boost)  
  40  3:30  Warp Prism (Chrono Boost)  
  40  3:32  Probe (Chrono Boost)  
  44  3:37  Probe (Chrono Boost)  
  45  3:42  Probe  
  45  3:46  Assimilator  
  45  3:48  Assimilator  
  46  3:49  Probe, Pylon  
  49  3:56  Probe  
  49  3:59  Disruptor (Chrono Boost)  
  49  4:01  Gravitic Drive (Chrono Boost)  
  48  4:06  Probe  
  48  4:09  Mothership Core  
  54  4:12  Pylon  
  54  4:15  Adept  
  54  4:16  Adept  
  58  4:18  Probe  
  59  4:30  Probe  
  59  4:31  Probe  
  61  4:32  Observer  
  61  4:35  Nexus  
  62  4:40  Pylon  
  62  4:42  Probe  
  62  4:43  Probe, Pylon  
  64  4:53  Stargate  
  64  4:54  Probe, Stargate  
  64  4:55  Probe  
  64  5:09  Probe  
  64  5:10  Probe, Observer  
  65  5:17  Forge  
  65  5:18  Twilight Council  
  65  5:21  Probe  
  65  5:22  Probe  
  65  5:28  Gateway  
  67  5:30  Gateway  
  67  5:31  Gateway  
  67  5:38  Probe x2, Gateway  
  67  5:39  Phoenix (Chrono Boost)  
  67  5:42  Phoenix (Chrono Boost)  
  73  5:46  Probe, Blink  
  74  5:50  Probe x2  
  77  5:58  Protoss Ground Weapons Level 1 (Chrono Boost)  
  77  6:01  Gateway, Probe  
  77  6:03  Probe x2  
  79  6:19  Gateway  
  79  6:21  Phoenix (Chrono Boost)  
  79  6:22  Assimilator  
  79  6:23  Phoenix (Chrono Boost), Assimilator  
  83  6:30  Stalker x2  
  87  6:33  Pylon  
  87  6:34  Probe x3  
  87  6:36  Pylon  
  90  6:41  Pylon  
  90  6:43  Stalker x3  
  96  6:56  Stalker x3  
  96  7:01  Probe x2  
  104  7:03  Pylon, Phoenix  
  104  7:04  Pylon  
  104  7:06  Phoenix  
  106  7:26  Stalker x4  
  106  7:27  Stalker x3, Phoenix  
  120  7:43  Pylon  
  120  7:52  Stalker x7  
  120  7:53  Zealot  
  133  8:14  Stalker  
  133  8:15  Stalker x5  
  133  8:16  Stalker  
  133  8:17  Stalker  
  135  8:41  Stalker x5  
  135  8:42  Stalker  
  147  9:04  Stalker  
  147  9:08  Pylon  
  148  9:10  Pylon x2  
  146  9:20  Stalker x3  
  146  9:21  Stalker  
Tags
 
Add a new tag
Caveats
  • Supply blocks, unpowered buildings, or Contaminate may cause inaccurate times.
  • Supply counts are checked every 10 seconds.